 Dungeon Crawl Stone Soup version 0.19.4 (webtiles) character file.

66 Chiseanne the Covered (level 3, 0/42 HPs)
             Began as a Demonspawn Wanderer on Feb 1, 2017.
             Succumbed to a kobold's poison
             ... on level 2 of the Dungeon.
             The game lasted 00:03:38 (1200 turns).

Chiseanne the Covered (Demonspawn Wanderer)         Turns: 1200, Time: 00:03:38

Health: 0/42       AC: 21    Str: 11 (12) XL:     3   Next: 96%
Magic:  6/6        EV:  2    Int:  9 (12) God:
Gold:   100        SH:  0    Dex: 12 (14) Spells: 0 memorised, 6 levels left

rFire  . . .     SeeInvis .     a - +0 dagger (speed)
rCold  . . .     Gourm    .     (armour currently unavailable)
rNeg   + + +     Faith    .     (no shield)
rPois  +         Spirit   +     (helmet currently unavailable)
rElec  .         Reflect  .     (cloak currently unavailable)
rCorr  .         Harm     .     (gloves currently unavailable)
MR     .....     NoTele   +     (boots currently unavailable)
Stlth  ++........               e - amulet of guardian spirit
                                (no ring)
                                (no ring)

@: lethally poisoned (0 -> -2), tree-form
A: powered by pain 1, (spiny 0)
a: no special abilities


You were on level 2 of the Dungeon.
You were not hungry.
You were a tree.
You visited 1 branch of the dungeon, and saw 2 of its levels.

You collected 100 gold pieces.

Inventory:

Hand Weapons
 a - a +0 dagger of speed (weapon)
 u - a +0 dagger of venom
Missiles
 g - 26 sling bullets
 l - 47 stones (quivered)
 o - 13 arrows
Armour
 t - a +2 scale mail (melded)
Jewellery
 e - an amulet of guardian spirit (around neck)
Scrolls
 p - a scroll of magic mapping
 q - a scroll of identify
Books
 b - the Guide on Sinister Secrets

   Spells                             Type                      Level
   a - Corpse Rot                     Necromancy                   2
   b - Sublimation of Blood           Necromancy                   2
Comestibles
 d - a chunk of flesh
 f - 2 bread rations
 h - 2 slices of pizza
 i - a meat ration
 n - a royal jelly
 s - 3 fruits


   Skills:
 * Level 2.6 Fighting
   Level 1.7 Axes
 - Level 2.6 Armour
 - Level 1.0 Stealth
   Level 1.0 Shields
 * Level 2.4 Spellcasting
   Level 1.0 Summonings
   Level 1.0 Translocations


You had 6 spell levels left.
You didn't know any spells.

Dungeon Overview and Level Annotations

Branches:
Dungeon (2/15)

Altars:


Innate Abilities, Weirdness & Mutations

You sometimes gain a little power by taking damage.
((You are partially covered in sharp spines.))


Message History

You feel sick.
* * * LOW HITPOINT WARNING * * *
You feel sick.
* * * LOW HITPOINT WARNING * * *
You feel sick.
* * * LOW HITPOINT WARNING * * *
You feel sick.
* * * LOW HITPOINT WARNING * * *
You feel sick.
* * * LOW HITPOINT WARNING * * *
You feel sick.
* * * LOW HITPOINT WARNING * * *
You feel sick.
* * * LOW HITPOINT WARNING * * *
You feel sick.
* * * LOW HITPOINT WARNING * * *
You feel sick.
* * * LOW HITPOINT WARNING * * *
You feel sick.
You die...

******,**,***,,,***,#..,,,,,,,,..
*,**,*##..,* *,......,,,,,..
*,,,,,,...,* *,#.#..#*****#.
****,###..#* *,#.#..# #.
**)#.....* *,#.#..# #.
******,.......***,#.#..#######.
*,,,,,,.......,,,,#.#..#.......
*,****,.......##**#.#..#.#####.
*,* **......†♣# #.#..#.# #. **,**
*..#####(# #.#..#.#####.
**,,,****,,* #$####......).....
*,,,,,,,,,,* #...........######
**,,,****,,* #.########### **,**
**,****#.# *** *,,,,,..#
****,#### ***


There were no monsters in sight!

Vanquished Creatures
  An adder (D:2)
  An ooze (D:1)
  3 dart slugs (D:1)
  2 leopard geckos (D:2)
  A giant cockroach (D:1)
  9 goblins
  5 hobgoblins (D:1)
  4 jackals (D:1)
  6 kobolds
  6 bats (D:1)
  3 frilled lizards (D:1)
  2 rats
43 creatures vanquished.

Notes
Turn   | Place    | Note
-------+----------+-------------------------------------------
     0 | D:1      | Chiseanne the Demonspawn Wanderer began the quest for the Orb.
     0 | D:1      | Chiseanne set off with: a +2 scale mail, the Guide on Sinister Secrets, a potion of lignification, a +0 dagger, a bread ration
     0 | D:1      | Reached XP level 1. HP: 13/13 MP: 2/2
     0 | D:1      | Identified the Guide on Sinister Secrets
   230 | D:1      | Reached skill level 1 in Fighting
   306 | D:1      | Gained mutation: You are partially covered in sharp spines. [demonic ancestry]
   306 | D:1      | Reached XP level 2. HP: 21/21 MP: 4/4
   539 | D:1      | Gained mutation: You sometimes gain a little power by taking damage. [demonic ancestry]
   539 | D:1      | Reached XP level 3. HP: 24/27 MP: 3/5
  1176 | D:2      | Gained mutation: You are somewhat resistant to further mutation. [potion of mutation]
  1176 | D:2      | Gained mutation: Your mind is acute. (Int +2) [potion of mutation]
  1179 | D:2      | Lost mutation: Your mind is acute. (Int +2) [potion of cure mutation]
  1179 | D:2      | Lost mutation: You are somewhat resistant to further mutation. [potion of cure mutation]
  1192 | D:2      | HP: 2/42 [poisoned by a kobold]
  1197 | D:2      | HP: 1/42 [poisoned by a kobold]
  1200 | D:2      | Succumbed to a kobold's poison

Skill      XL: |  1  2  3 |
---------------+----------+-----
Fighting       | 1 2 |  2.6
Spellcasting   | 2 |  2.4
Axes           | |  1.7
Armour         | |  2.6
Stealth        | |  1.0
Shields        | |  1.0
Summonings     | |  1.0
Translocations | |  1.0

Action                   || total
-------------------------++-------
Melee: Dagger            ||   125
       Spear             ||     9
  Use: Scroll            ||     3
       Potion            ||     5
  Eat: Chunk             ||     1
Armor: Scale mail        ||    60
Dodge: Dodged            ||    55
